 Dungeon Crawl Stone Soup version 0.31-a0-1570-g93c622d222 (webtiles) character file.

Game seed: 9317890401971658112

93 innerfire43 the Trooper (level 4, -2/35 HPs)
             Began as a Demonspawn Wanderer on Jan 3, 2024.
             Was an Initiate of Trog.
             Killed by divine providence
             ... invoked by an orc priest
              (14 damage)
             ... on level 3 of the Dungeon.
             The game lasted 00:04:00 (1970 turns).

innerfire43 the Trooper (Demonspawn Wanderer)       Turns: 1970, Time: 00:04:00

Health: -2/35      AC:  2    Str: 16    XL:     4   Next: 36%
Magic:  4/4        EV: 11    Int: 14    God:    Trog [......]
Gold:   150        SH:  9    Dex: 15    Spells: 3/3 levels left

rFire   . . .        t - +1 trident (flame)
rCold   . . .        b - +0 buckler
rNeg    + . .        d - +0 robe
rPois   .            (no helmet)
rElec   .            (no cloak)
rCorr   .            (no gloves)
SInv    .            (no boots)
Will    .....        j - amulet of reflection
Stlth   +            h - +6 ring of dexterity
HPRegen 0.25/turn    q - ring of positive energy
MPRegen 0.18/turn

%: reflection
@: no status effects
A: magic regeneration, sturdy frame 1
a: Renounce Religion


You were on level 3 of the Dungeon.
You worshipped Trog.
Trog was noncommittal.
You visited 1 branch of the dungeon, and saw 3 of its levels.

You collected 150 gold pieces.

Inventory:

Hand Weapons
 a - a +3 spear
 t - a +1 trident of flaming (weapon)
Armour
 b - a +0 buckler (worn)
 d - a +0 robe (worn)
Jewellery
 h - a +6 ring of dexterity (left hand)
 j - an amulet of reflection (around neck)
 q - a ring of positive energy (right hand)
Talismans
 k - a talisman of death
Scrolls
 c - 2 scrolls of vulnerability
 i - a scroll of amnesia
 r - a scroll of enchant armour {unknown}
 s - a scroll of immolation {unknown}
Potions
 e - 3 potions of curing
 f - a potion of attraction {unknown}
 l - a potion of degeneration {unknown}
 m - a potion of brilliance {unknown}
 n - a potion of mutation {unknown}
 p - a potion of heal wounds {unknown}


   Skills:
 + Level 3.4 Fighting
 * Level 3.3 Polearms
 + Level 2.3 Armour
 + Level 1.5 Dodging
 * Level 2.1 Shields


You had 3 spell levels left.
You didn't know any spells.
Your spell library contained the following spells:

 Spells                   Type           Power      Damage    Failure   Level
 Call Imp                 Summ           0%         N/A       50%         2
 Sublimation of Blood     Necr           0%         N/A       50%         2
 Summon Hydra             Summ           0%         N/A       100%        7


Dungeon Overview and Level Annotations

Branches:
Dungeon (3/15)

Altars:
Kikubaaqudgha
Makhleb
Trog


Innate Abilities, Weirdness & Mutations

You regenerate magic rapidly.
Your movements are slightly less encumbered by armour. (ER -2)


Message History

The orc wizard is lightly wounded.
The orc wizard gestures at you while chanting.
The puff of flame hits you! You block the orc's attack.
Unknown command.
You puncture the orc wizard! You burn the orc wizard.
The orc wizard is severely wounded.
The orc closely misses you.
The orc wizard points at you and mumbles some strange words.
You are confused.
The orc hits you but does no damage.
The orc priest begins to cast a cantrip, but forgets the words!
The orc barely misses you.
You hit the orc wizard. You burn the orc wizard.
The orc wizard is almost dead.
The orc wizard gestures at you while chanting.
The puff of flame hits you. The orc barely misses you.
The orc priest casts a cantrip, but nothing happens.
The orc closely misses you.
Unknown command.
You hit the orc wizard. You burn the orc wizard.
You kill the orc wizard!
Trog accepts your kill.
Trog appreciates your killing of a magic user.
The orc barely misses you.
The orc priest hits you with a +0 short sword.
The orc hits you with a +0 short sword.
You bump into the stone wall.
The orc barely misses you. The orc priest closely misses you.
The orc barely misses you. The orc attacks as it pursues you!
The orc closely misses you.
You hit the orc but do no damage. The orc closely misses you.
The orc hits you with a +0 short sword.
You feel less confused. The orc attacks as it pursues you!
You block the orc's attack. The orc closely misses you.
The orc attacks as it pursues you! The orc closely misses you.
The orc hits you with a +0 short sword. The orc attacks as it pursues you!
The orc closely misses you.
The orc priest invokes the aid of Beogh against you.
Beogh smites you!
You die...

.####.......#...~≈≈~..#..#...#
.# ##.......##.~~≈≈~..#..###.#
.#
#.....#..##..~~~~..#....#.####
.#
#.#####..#...~.....#..#.......
.#
#.#...#..#...~.....#..###.####
># #.#.###..#._~....).#......#
.# #.#......#....##$..#..#####
.# #.#.###..########o.#..###
.###.#.###......@o.o..#..#..
.....#.....########...#..#.#
.....#####............#..#.#
......<...............#..#.#
.....#####..........#.#..#.#
....................#.....<#
.....#####.........##.#..###
.....# #.........##.#..#
####.# #.........##.#..#


You could see an orc priest and 2 orcs.

Vanquished Creatures
  An orc wizard (D:3)
  An adder (D:2)
  A dart slug (D:2)
  A ribbon worm (D:2)
  2 orcs (D:3)
  6 bats
  5 goblins
  4 hobgoblins
  4 jackals (D:3)
  7 kobolds (D:1)
  4 quokkas
  9 ball pythons
  4 frilled lizards
  4 rats
53 creatures vanquished.

Vanquished Creatures (others)
  An arcanist (D:3)
1 creature vanquished.

Grand Total: 54 creatures vanquished

Notes
Turn   | Place    | Note
-------+----------+-------------------------------------------
     0 | D:1      | innerfire43 the Demonspawn Wanderer began the quest for the
                  | Orb.
     0 | D:1      | innerfire43 set off with the following items: a +3 spear, a
                  | +0 buckler, a scroll of vulnerability, a +0 robe.
     0 | D:1      | Reached XP level 1. HP: 18/18 MP: 1/1
   144 | D:1      | Gained mutation: You regenerate magic rapidly. [demonic
                  | ancestry]
   144 | D:1      | Reached XP level 2. HP: 24/24 MP: 2/2
   801 | D:2      | Reached XP level 3. HP: 17/29 MP: 3/3
  1339 | D:3      | Found an ancient bone altar of Kikubaaqudgha.
  1578 | D:3      | Found a bloodstained altar of Trog.
  1579 | D:3      | Noticed a wizard
  1585 | D:3      | Killed a wizard
  1602 | D:3      | Became a worshipper of Trog the Wrathful
  1633 | D:3      | Found a faded altar of an unknown god.
  1732 | D:3      | Found a burning altar of Makhleb.
  1957 | D:3      | Gained mutation: Your movements are slightly less
                  | encumbered by armour. (ER -2) [demonic ancestry]
  1957 | D:3      | Reached XP level 4. HP: 31/35 MP: 4/4
  1970 | D:3      | Killed from afar by an orc priest

Illustrated notes

Levels and vault maps discovered:
D:1:      dpeg_arrival_more_subterranean_lakeside_camping, layout_rooms,
          grunt_decor_junction, patterned_corridor
D:2:      layout_rooms
D:3:      layout_basic, lemuel_doored_altar, kiku_gazebo_pond_becter,
          trog_wizard, nicolae_ecumenical_snake_handling

Skill      XL: |  1  2  3 |
---------------+----------+-----
Polearms       | 3 |  3.3
Armour         | 2 |  2.3
Shields        | 2 |  2.1
Fighting       | |  3.4
Dodging        | |  1.5

Action                     |  1- 3 |  4- 6 || total
---------------------------+-------+-------++-------
  Melee: Spear             |   134 |       ||   134
         Trident           |     6 |     7 ||    13
    Use: Scroll            |     5 |       ||     5
   Stab: Sleeping          |     3 |       ||     3
 Armour: Robe              |    49 |     9 ||    58
  Dodge: Dodged            |    71 |    15 ||    86
  Block: Buckler           |    50 |     2 ||    52
         Reflection        |     1 |       ||     1

Table legend: (Time is in decaauts)
 A = Elapsed time spent in this place.
 B = Non-inter-level travel time spent in this place.
 C = Inter-level travel time spent in this place.
 D = Time resting spent in this place.
 E = Time spent auto-exploring this place.
 F = Levels seen in this place.
 G = Mean time per level.
                   A        B        C        D        E       F      G
               +--------+--------+--------+--------+--------+-----+--------+
         Total |   1970 |   1970 |      0 |      0 |   1477 |   3 |  656.7 |
       Dungeon |   1970 |   1970 |      0 |      0 |   1477 |   3 |  656.7 |
               +--------+--------+--------+--------+--------+-----+--------+

Top non-repeatable levels by time:
     D:3: 731 daAuts
     D:1: 716 daAuts
     D:2: 521 daAuts
